 Dungeon Crawl Stone Soup version 0.25-a0-668-gea548f19b6 (webtiles) character file.

Game seed: 4945522820758537772, levelgen mode: deterministic

10 Alarkh the Skirmisher (level 2, 16/24 HPs)
             Began as a Demonspawn Fighter on Mar 28, 2020.
             Got out of the dungeon alive.
             The game lasted 00:00:28 (408 turns).

Alarkh the Skirmisher (Demonspawn Fighter)           Turns: 408, Time: 00:00:28

Health: 16/24      AC:  6    Str: 16    XL:     2   Next: 10%
Magic:  2/2        EV:  6    Int:  9    God:
Gold:   30         SH:  7    Dex: 12    Spells: 1/1 levels left

rFire    . . .     SeeInvis .   a - +0 long sword
rCold    . . .     Gourm    .   c - +0 kite shield
rNeg     . . .     Faith    .   b - +0 scale mail
rPois    .         Spirit   .   (helmet restricted)
rElec    .         Reflect  .   (no cloak)
rCorr    .         Harm     .   (no gloves)
MR       .....                  (no boots)
Stlth    ..........             (no amulet)
HPRegen  0.08/turn              (no ring)
MPRegen  0.08/turn              (no ring)

@: heavily drained
A: horns 1
a: no special abilities


You escaped.
You were not hungry.

You visited 1 branch of the dungeon, and saw 1 of its levels.

You collected 30 gold pieces.

Inventory:

Hand Weapons
 a - a +0 long sword (weapon)
Armour
 b - a +0 scale mail (worn)
 c - a +0 kite shield (worn)
Jewellery
 i - an uncursed amulet of harm
Scrolls
 e - a scroll of blinking {unknown}
 g - a scroll of immolation {unknown}
 k - a scroll of teleportation {unknown}
Potions
 d - a potion of might
 j - a potion of lignification {unknown}
Comestibles
 f - 2 rations
 h - a chunk of flesh


   Skills:
 - Level 3.0(1.5) Fighting
 + Level 2.5(1.1) Long Blades
 - Level 2.6(1.2) Armour
 - Level 2.6(1.2) Shields


You had one spell level left.
You didn't know any spells.
Your spell library was empty.

Dungeon Overview and Level Annotations

Branches:
Dungeon (1/15)

Altars:


Innate Abilities, Weirdness & Mutations

You have a pair of small horns on your head.


Message History

The kobold throws a stone.
You block the stone.
You start resting.
The kobold is too close now for your liking.
The kobold throws a stone.
The stone hits you but does no damage. The kobold hits you with a +0 dagger.
You are too injured to fight recklessly!
You closely miss the kobold. The kobold hits you but does no damage.
You closely miss the kobold. You block the kobold's attack. x2
Your shield and scale mail prevent you from hitting the kobold.
You block the kobold's attack.
You slash the kobold!
You kill the kobold!
k - a scroll labeled DEFYTH ACIOL
Things that are here:
a +0 dagger; 3 stones; a kobold corpse You see here a stone.
Some of the chunks of flesh in your inventory have rotted away.
There is a staircase leading out of the dungeon here.
Are you sure you want to leave the Dungeon?
This will make you lose the game!
You have escaped!

#....#...≈.≈.....≈.≈...#
#......≈≈≈.≈≈≈≈≈≈≈.≈≈≈.# #
.....≈.............≈.####### #.
#.≈.≈≈≈≈≈.≈≈≈≈≈.≈.>......
#..###.≈.≈...≈.≈...≈.≈..######
.......≈≈≈.≈≈≈.≈≈≈.≈≈≈..#
#..##...÷..≈.....≈.(...)#######
...##..≈≈≈.≈≈≈.≈≈≈.≈≈≈........#
... #..≈.≈...≈.≈@..≈.≈...####.#
...##..≈.≈≈≈≈≈.≈≈≈≈≈.≈......#
..........................#.#
...#...............#####.##.#
................#...........#
................#....###.####
.......#.#####..#....###.#
.............#..#......#.#
.......#.###.#..########.#


There were no monsters in sight!

Vanquished Creatures
  An ooze (D:1)
  A giant cockroach (D:1)
  A bat (D:1)
  A goblin (D:1)
  2 kobolds (D:1)
  2 rats (D:1)
8 creatures vanquished.

Notes
Turn   | Place    | Note
-------+----------+-------------------------------------------
     0 | D:1      | Alarkh the Demonspawn Fighter began the quest for the Orb.
     0 | D:1      | Reached XP level 1. HP: 18/18 MP: 1/1
   347 | D:1      | Gained mutation: You have a pair of small horns on your
                  | head. [demonic ancestry]
   347 | D:1      | Reached XP level 2. HP: 12/24 MP: 2/2
   408 | D:$      | Got out of the dungeon alive.

Levels and vault maps discovered:
D:1:      evilmike_arrival_hilbert_curve, layout_basic, minivault_11

Skill      XL: |  1 |
---------------+----+-----
Long Blades    | 2 |  2.5
Fighting       | |  3.0
Armour         | |  2.6
Shields        | |  2.6

Action                   || total
-------------------------++-------
Melee: Long sword        ||    24
Armor: Scale mail        ||    10
Dodge: Dodged            ||     3
Block: Kite shield       ||    13
       Rpst.: Long sword ||     1

Table legend:
 A = Non-vault XP
 B = Vault XP
 C = Vault XP percentage of total XP
 D = Non-vault monster count
 E = Vault monster count
 F = Vault count percentage of total count
                 A         B        C        D         E       F
            +---------+---------+-------+---------+---------+-------
      Total |      15 |       0 |   0.0 |       8 |       0 |   0.0
            +---------+---------+-------+---------+---------+-------
        D:1 |      15 |       0 |   0.0 |       8 |       0 |   0.0
            +---------+---------+-------+---------+---------+-------
